 Dungeon Crawl Stone Soup version 0.31-a0-879-g1609e0ac53 (webtiles) character file.

Game seed: 17311813357518462617

215 Zdeegee the Sneak (level 5, -3/35 HPs)
             Began as an Octopode Brigand on Oct 14, 2023.
             Slain by a river rat (9 damage)
             ... in a sewer.
             The game lasted 00:05:03 (1959 turns).

Zdeegee the Sneak (Octopode Brigand)                Turns: 1959, Time: 00:05:03

Health: -3/35      AC:  1    Str: 10    XL:     5   Next: 92%
Magic:  5/5        EV: 13    Int: 13    God:
Gold:   61         SH:  0    Dex: 16    Spells: 4/4 levels left

rFire   . . .        a - +2 dagger
rCold   . . .        (no shield)
rNeg    + . .        (helmet restricted)
rPois   .            (no amulet)
rElec   .            d - ring of positive energy
rCorr   .            l - ring of see invisible
SInv    +            (no ring)
Will    .....        (no ring)
Stlth   ++++++       (no ring)
HPRegen 0.25/turn    (no ring)
MPRegen 0.09/turn    (no ring)
                     (no ring)

%: no passive effects
@: no status effects
A: almost no armour, amphibious, 8 rings, camouflage 1, gelatinous body 1,
nimble swimmer 1, tentacles
a: no special abilities


You were in a sewer.
You visited 1 branch of the dungeon, and saw 3 of its levels.
You also visited: Sewer.

You collected 111 gold pieces.
You spent 50 gold pieces at shops.

Inventory:

Hand Weapons
 a - a +2 dagger (weapon)
Missiles
 b - 12 poisoned darts (quivered)
 c - 3 curare-tipped darts
Jewellery
 d - a ring of positive energy (left tentacle)
 l - a ring of see invisible (right tentacle)
 o - a ring of ice
Talismans
 i - a flux talisman
Scrolls
 e - 2 scrolls of teleportation {unknown}
 f - 2 scrolls of revelation
 m - 2 scrolls of vulnerability {unknown}
 n - 2 scrolls of silence {unknown}
Potions
 g - 4 potions of curing
 h - 4 potions of heal wounds
 j - 2 potions of attraction
 k - 2 potions of might


   Skills:
 * Level 2.3 Fighting
 * Level 3.2 Short Blades
 + Level 2.2 Throwing
 * Level 1.9 Dodging
 * Level 7.6 Stealth
 * Level 1.7 Hexes


You had 4 spell levels left.
You didn't know any spells.
Your spell library contained the following spells:

 Spells                   Type           Power      Damage    Failure   Level
 Hailstorm                Conj/Ice       0%         3d3       67%         3
 Metabolic Englaciation   Hex/Ice        1%         N/A       99%         5
 Simulacrum               Ice/Necr       0%         N/A       100%        6


Dungeon Overview and Level Annotations

Branches:
Dungeon (3/15)              Sewer (1/1)

Altars:

Shops:
D:2 !


Innate Abilities, Weirdness & Mutations

You cannot wear most types of armour.
You are amphibious.
You can wear up to eight rings at the same time.
Your skin changes colour to match your surroundings (Stealth+).
Your rubbery body absorbs attacks. (AC +1, EV +1)
You are camouflaged when in or above water. (Stealth+)
You have tentacles for arms and can constrict up to eight enemies at once.


Message History

You constrict the river rat, but do no damage.
The river rat closely misses you.
You hit the river rat.
The river rat is lightly wounded.
You constrict the river rat, but do no damage.
The river rat barely misses you.
You barely miss the river rat. You constrict the river rat.
The river rat bites you.
You hit the river rat.
The river rat is moderately wounded.
You constrict the river rat. The river rat bites you.
You hit the river rat but do no damage.
The river rat is moderately wounded.
You constrict the river rat, but do no damage.
You hit the river rat but do no damage.
The river rat is moderately wounded.
You constrict the river rat. The river rat bites you.
You hit the river rat but do no damage.
The river rat is moderately wounded.
You constrict the river rat. The river rat bites you!
You are too injured to fight recklessly!
You are too injured to fight recklessly!
You release your grip on the river rat.
You enter the shallow water.
The river rat attacks as it pursues you!
The river rat completely misses you.
You barely miss the river rat. You grab the river rat.
The river rat is moderately wounded.
You constrict the river rat, but do no damage.
The river rat bites you.
You hit the river rat but do no damage.
The river rat is moderately wounded.
You constrict the river rat. The river rat bites you.
* * * LOW HITPOINT WARNING * * *
You hit the river rat.
The river rat is heavily wounded.
You constrict the river rat, but do no damage.
You release your grip on the river rat.
The river rat misses you.
The river rat attacks as it pursues you!
The river rat bites you!
You die...

#≈# #≈# #≈# #≈# ##≈##
##≈## ##..~## ##.~.##
#.~.†.####~.~..#####.
#..†~.~~~~~.~.~≈≈≈≈≈~
#...~~####.....#####
##~..## ##~~~## #####
##@## #r# #~# ##~##
#~..# #~...~#
....~...~~~
####..~~~#### ##~~~##


You could see a river rat.

Vanquished Creatures
  Terence (D:2)
  Natasha (thrice) (D:2)
  3 adders
  A gnoll (D:1)
  4 worms
  3 dart slugs (D:1)
  An orc (D:3)
  6 ball pythons
  3 bats (D:1)
  6 endoplasms
  4 giant cockroaches (D:1)
  7 goblins
  3 hobgoblins
  2 quokkas (D:2)
  3 frilled lizards (D:3)
  8 kobolds
  6 rats
64 creatures vanquished.

Notes
Turn   | Place    | Note
-------+----------+-------------------------------------------
     0 | D:1      | Zdeegee the Octopode Brigand began the quest for the Orb.
     0 | D:1      | Reached XP level 1. HP: 14/14 MP: 1/1
    60 | D:1      | Reached skill level 6 in Stealth
    60 | D:1      | Reached XP level 2. HP: 13/19 MP: 2/2
   223 | D:1      | Reached XP level 3. HP: 19/24 MP: 3/3
   999 | D:2      | Noticed Terence
  1000 | D:2      | Killed Terence
  1001 | D:2      | Reached XP level 4. HP: 29/29 MP: 4/4
  1045 | D:2      | Got a parchment book
  1245 | D:2      | Found Ata Etil's Distillery.
  1268 | D:2      | Bought a potion of heal wounds for 50 gold pieces
  1385 | D:2      | Noticed Natasha
  1390 | D:2      | Killed Natasha
  1391 | D:2      | Reached skill level 7 in Stealth
  1391 | D:2      | Reached XP level 5. HP: 31/34 MP: 5/5
  1464 | D:2      | Noticed Natasha
  1471 | D:2      | Killed Natasha
  1629 | D:2      | Noticed Natasha
  1641 | D:2      | Killed Natasha
  1642 | D:2      | Reached skill level 1 in Hexes
  1893 | D:3      | Found a glowing drain.
  1897 | Sewer    | Entered a sewer
  1959 | Sewer    | Slain by a river rat

Illustrated notes

Levels and vault maps discovered:
D:1:      eino_arrival_water_cross, layout_basic
D:2:      layout_loops_corners, serial_shops, nicolae_shop_advertising_works
          [nicolae_subvault_shop_adworks], moated_statue,
          chequers_serial_rivers_micro_a, uniq_natasha, uniq_terence
D:3:      layout_loops_cross, gup_sewer_entry_bowl
Sewer:    sewer_co_15_rooms

Skill      XL: |  1  2  3  4  5 |
---------------+----------------+-----
Stealth        | 6 7 |  7.6
Short Blades   | 3 |  3.2
Hexes          | 1 |  1.7
Fighting       | |  2.3
Throwing       | |  2.2
Dodging        | |  1.9

Action                     |  1- 3 |  4- 6 || total
---------------------------+-------+-------++-------
  Melee: Dagger            |    53 |    60 ||   113
         Constrict         |    14 |    11 ||    25
         Tentacles         |     9 |    11 ||    20
         Punch             |       |     1 ||     1
  Throw: Dart              |     5 |     3 ||     8
    Use: Scroll            |       |     4 ||     4
   Stab: Sleeping          |    12 |    13 ||    25
         Distracted        |       |     1 ||     1
 Armour: Skin              |    10 |    17 ||    27
  Dodge: Dodged            |    25 |    17 ||    42

Table legend: (Time is in decaauts)
 A = Elapsed time spent in this place.
 B = Non-inter-level travel time spent in this place.
 C = Inter-level travel time spent in this place.
 D = Time resting spent in this place.
 E = Time spent auto-exploring this place.
 F = Levels seen in this place.
 G = Mean time per level.
                   A        B        C        D        E       F      G
               +--------+--------+--------+--------+--------+-----+--------+
         Total |   1949 |   1900 |     49 |     67 |   1335 |   4 |  487.2 |
       Dungeon |   1890 |   1841 |     49 |     67 |   1335 |   3 |  630.0 |
         Sewer |     58 |     58 |      0 |      0 |      0 |   1 |   58.0 |
               +--------+--------+--------+--------+--------+-----+--------+

Top non-repeatable levels by time:
     D:2: 1011 daAuts
     D:1: 749 daAuts
     D:3: 129 daAuts
   Sewer: 58 daAuts
